 Dungeon Crawl Stone Soup version 0.22-a0-377-g846bec1 (webtiles) character file.

16 Kairos the Skirmisher (level 2, -1/16 HPs)
             Began as a Vine Stalker Fighter on Apr 27, 2018.
             Slain by a jackal (3 damage)
             ... on level 1 of the Dungeon.
             The game lasted 00:01:04 (239 turns).

Kairos the Skirmisher (Vine Stalker Fighter)         Turns: 239, Time: 00:01:04

Health: -1/16      AC:  6    Str: 18    XL:     2   Next: 58%
Magic:  0/3        EV:  7    Int:  8    God:
Gold:   15         SH:  9    Dex: 13    Spells: 1/1 levels left

rFire    . . .     SeeInvis .   a - +0 war axe
rCold    . . .     Gourm    .   c - +0 shield
rNeg     . . .     Faith    .   b - +0 scale mail
rPois    .         Spirit   +   (no helmet)
rElec    .         Reflect  .   (no cloak)
rCorr    .         Harm     .   (no gloves)
MR       .....                  (no boots)
Stlth    ..........             (no amulet)
HPRegen  0.05/turn              (no ring)
MPRegen  0.08/turn              (no ring)

@: no status effects
A: fangs 2, magic shield, antimagic bite, no potion heal 3, rot immunity
a: no special abilities


You were on level 1 of the Dungeon.
You were not hungry.

You visited 1 branch of the dungeon, and saw 1 of its levels.

You collected 15 gold pieces.

Inventory:

Hand Weapons
 a - a +0 war axe (weapon)
Armour
 b - a +0 scale mail (worn)
 c - a +0 shield (worn)
Scrolls
 e - a scroll of enchant weapon {unknown}
 g - a scroll of remove curse {unknown}
 i - a scroll of identify {unknown}
Potions
 d - a potion of might
 h - 2 potions of haste {unknown}
Comestibles
 f - 2 rations


   Skills:
 + Level 3.0 Fighting
 + Level 1.9 Axes
 + Level 2.6 Armour
 + Level 2.9 Shields


You had one spell level left.
You didn't know any spells.

Dungeon Overview and Level Annotations

Branches:
Dungeon (1/15)

Altars:


Innate Abilities, Weirdness & Mutations

You have extremely sharp teeth.
When hurt, damage is shared between your health and your magic reserves.
Your bite disrupts and absorbs the magic of your enemies.
Potions cannot restore your health.
You are immune to rotting.


Message History

You closely miss the jackal. Your bite misses the jackal.
The jackal is severely wounded.
You barely miss the jackal. You block the jackal's attack. x2
The jackal bites you.
* * * LOW HITPOINT WARNING * * *
The jackal bites you.
* * * LOW HITPOINT WARNING * * *
The jackal bites you but does no damage.
The jackal barely misses you. The jackal bites you. The jackal bites you.
The frilled lizard unfolds its giant frill.
The jackal bites you but does no damage.
The jackal bites you but does no damage.
You block the jackal's attack.
The jackal bites you but does no damage.
You block the jackal's attack. You block the jackal's attack.
The jackal bites you. The jackal bites you.
You die...

.## ##.## #.##.###...### .#
#..###.#..#.......#
##.##..#.#..#####.# #
#.#.......## #)# .
#.#.#.##.## #.# # #.#.#.##.#
#.# ## #.#...##.# #.. )##
#....##..# ### ).##
#@.#.##.## #..## #hh#.##.#
##..### #..#.#..#
###...######## #......## ##
# ###........###l##..##
####. ##......r..r.##..##
###....
#.......######...#####...###
#.......# ##..........###
.........# ##.......######


You could see 2 jackals, a frilled lizard and a rat.

Vanquished Creatures
  A giant cockroach (D:1)
  3 goblins (D:1)
  2 hobgoblins (D:1)
  2 jackals (D:1)
  A frilled lizard (D:1)
  2 kobolds (D:1)
  4 rats (D:1)
15 creatures vanquished.

Notes
Turn   | Place    | Note
-------+----------+-------------------------------------------
     0 | D:1      | Kairos the Vine Stalker Fighter began the quest for the Orb.
     0 | D:1      | Reached XP level 1. HP: 11/11 MP: 2/2
   150 | D:1      | Reached XP level 2. HP: 12/16 MP: 3/3
   208 | D:1      | Reached skill level 3 in Fighting
   239 | D:1      | Slain by a jackal

Vault maps used:
D:1:      grunt_arrival_lava_bath

Skill      XL: |  1  2 |
---------------+-------+-----
Fighting       | 3 |  3.0
Axes           | |  1.9
Armour         | |  2.6
Shields        | |  2.9

Action                   || total
-------------------------++-------
Melee: War axe           ||    48
       Bite              ||     7
Armor: Scale mail        ||    47
Dodge: Dodged            ||    29
Block: Shield            ||    29

Table legend:
 A = Spawn XP
 B = Non-spawn XP
 C = Spawn XP percentage of total XP
 D = Spawn monster count
 E = Non-spawn monster count
 F = Spawn count percentage of total count
 G = Total turns spent on level
                    A         B        C        D         E        F      G
               +---------+---------+-------+---------+---------+-------+---------
         Total |       0 |      24 |   0.0 |       0 |      15 |   0.0 |   239
               +---------+---------+-------+---------+---------+-------+---------
           D:1 |       0 |      24 |   0.0 |       0 |      15 |   0.0 |   239
               +---------+---------+-------+---------+---------+-------+---------
